AoeStats
← MattAtArms

Arabia

507253045Analyzed
1v1 RM · 16d ago on Sep 17, 2026· 47m 10s· 2 players
Game mode
Random Map
Map size
Tiny (2 player)
Population
200
Speed
Normal
Resources
Standard
Victory
Conquest
Starting age
Dark Age
Ending age
Imperial Age
RankedLock teamsTeams togetherTeam positionsShared explorationLock speedFull tech treeHidden civsTurbo modeCheats
Victory
Defeat
🇨🇳 Maya · China
1949
+14
🇬🇧 Chinese · United Kingdom
1903
-14
MattAtArms
0:25 Loom
8:17 Feudal Age
8:45 Double-Bit Axe
20:46 Castle Age
19:10 Fletching
19:52 Padded Archer Armor
19:45 Gold Mining
20:06 Horse Collar
20:51 Padded Archer Armor
21:25 Bodkin Arrow
21:08 Crossbowman
23:05 Ballistics
23:33 Town Watch
31:23 Wheelbarrow
37:03 Imperial Age
36:50 Scale Barding Armor
36:55 Forging
37:47 Scale Mail Armor
38:17 Chain Barding Armor
37:30 Arbalester
39:13 Chemistry
38:32 Bracer
37:59 Light Cavalry
41:03 Heavy Plow
42:58 Plate Barding Armor
42:38 Bloodlines
45:47 Thumb Ring
46:47 Iron Casting
西园寺
0:26 Loom
9:04 Feudal Age
9:34 Double-Bit Axe
9:34 Man-at-Arms
13:46 Double-Bit Axe
20:09 Castle Age
18:20 Horse Collar
19:12 Fletching
19:23 Town Watch
20:12 Crossbowman
20:47 Bodkin Arrow
22:07 Bow Saw
25:09 Wheelbarrow
24:44 Elite Skirmisher
25:26 Padded Archer Armor
27:47 Leather Archer Armor
31:48 Ballistics
38:48 Hand Cart
41:12 Imperial Age
40:50 Masonry
41:21 Thumb Ring
41:56 Bracer
42:57 Chemistry
43:02 Coinage
41:54 Arbalester
43:46 Ring Archer Armor
44:25 Hoardings
44:11 Conscription
43:38 Pikeman
44:59 Architecture
44:54 Squires
47:09 Guilds
46:20 Halberdier
47:05 Scale Mail Armor
47:16 Forging
Connection lost

Rejoining the realm…

Still unreachable

The connection could not be restored.

Session expired

The server has moved on; the page needs a fresh start.